 Dungeon Crawl Stone Soup version 0.29-a0-542-g075992c915 (console) character file.

Game seed: 9103475371084817075

30137 Banquo the Severer (level 14, -9/121 HPs)
             Began as a Meteoran Fighter on June 3, 2022.
             Was a High Priest of Okawaru.
             Mangled by an orc warlord
             ... wielding a +3 battleaxe of electrocution
              (13 damage)
             ... on level 1 of the Orcish Mines.
             The game lasted 00:46:03 (7636 turns).

Banquo the Severer (Meteoran Fighter)               Turns: 7636, Time: 00:46:05

Health: -9/121     AC: 28    Str: 18    XL:     14   Next: 20%
Magic:  20/22      EV: 15    Int: 15    God:    Okawaru [*****.]
Gold:   947        SH: 21    Dex: 16    Spells: 13/13 levels left

rFire   . . .      SeeInvis .   a - +6 war axe (protect)
rCold   + . .      Faith    .   i - +2 kite shield
rNeg    . . .      Spirit   .   d - +3 scale mail {rC+}
rPois   +          Reflect  +   h - +0 hat "Eciutaps" {Int+4}
rElec   .          Harm     .   e - +0 cloak
rCorr   .          Rampage  .   g - +1 pair of gloves "Ryah" {Fly Str-4 Int+2 Slay+3}
Will    +....                   (no boots)
Stlth   +.........              v - amulet of reflection
HPRegen 0.30/turn               P - ring of poison resistance
MPRegen 0.18/turn               A - +4 ring of protection

@: heroic, finesse-ful, under a protective aura, flying, glowing
A: sense surroundings 2, otherworldly, glowing, explore regen
a: Renounce Religion, Heroism, Finesse, Duel


You were on level 1 of the Orcish Mines.
You worshipped Okawaru.
Okawaru was extremely pleased with you.
You visited 4 branches of the dungeon, and saw 17 of its levels.

You collected 947 gold pieces.

Inventory:

Hand Weapons
 a - a +6 war axe of protection (weapon)
 b - a +1 war axe of venom
 c - a +0 whip of freezing
 s - a +0 trident
 z - the +7 hand axe of Voduf {vorpal, Str+2}
   (Okawaru gifted it to you on level 3 of the Lair of Beasts)

   It inflicts extra damage upon your enemies.
   Str:       It affects your strength (+2).
 F - a +3 mace
Missiles
 q - a throwing net (quivered)
 w - 6 boomerangs
 x - 11 javelins
 I - 4 silver javelins
Armour
 d - a +3 scale mail of cold resistance (worn)
 e - a +0 cloak (worn)
 g - the +1 pair of gloves "Ryah" (worn) {Fly Str-4 Int+2 Slay+3}
   (Okawaru gifted it to you on level 4 of the Lair of Beasts)

   Str:       It affects your strength (-4).
   Int:       It affects your intelligence (+2).
   Slay:      It affects your accuracy & damage with ranged weapons and melee
   (+3).
   Fly:       It grants you flight.
 h - the +0 hat "Eciutaps" (worn) {Int+4}
   (Okawaru gifted it to you on level 6 of the Lair of Beasts)

   Int:       It affects your intelligence (+4).
 i - a +2 kite shield (worn)
 l - a +6 plate armour of ponderousness
 K - a +2 scale mail of willpower
Jewellery
 v - an amulet of reflection (around neck)
 A - a +4 ring of protection (right hand)
 P - a ring of poison resistance (left hand)
 S - a ring of see invisible
Wands
 o - a wand of acid (22)
 p - a wand of flame (4)
Scrolls
 f - 2 scrolls of fear
 n - a scroll of magic mapping
 t - 2 scrolls of enchant weapon
 y - 2 scrolls of teleportation
 L - 5 scrolls of identify
 N - a scroll of noise
Potions
 j - 2 potions of berserk rage
 m - 4 potions of haste
 r - a potion of flight
 B - a potion of heal wounds
 C - a potion of ambrosia
 E - a potion of might
 G - 2 potions of brilliance
 H - 2 potions of curing
 J - 3 potions of mutation
 O - a potion of magic


   Skills:
 * Level 10.3(15.3) Fighting
 * Level 17.6(22.6) Axes
 * Level 1.1(6.1) Throwing
 * Level 9.7(14.7) Armour
 * Level 6.4(11.4) Dodging
 * Level 10.7(15.7) Shields
 * Level 10.1 Invocations


You had 13 spell levels left.
You didn't know any spells.
Your spell library contained the following spells:

 Spells                   Type           Power      Damage    Failure   Level
 Sandblast                Erth           0%         2d4       71%         1
 Shock                    Conj/Air       0%         1d3       71%         1
 Passwall                 Tmut/Erth      0%         N/A       85%         2
 Dazzling Flash           Conj/Hex       0%         N/A       97%         3
 Portal Projectile        Hex/Tloc       0%         N/A       97%         3
 Stone Arrow              Conj/Erth      0%         3d7       97%         3
 Swiftness                Air            0%         N/A       97%         3
 Airstrike                Air            0%         N/A       100%        4
 Leda's Liquefaction      Hex/Erth       0%         N/A       100%        4
 Agony                    Necr           0%         N/A       100%        5
 Silence                  Hex/Air        0%         N/A       100%        5
 Orb of Destruction       Conj           0%         9d5       100%        7
 Call Canine Familiar     Summ           Unusable   N/A       N/A         3
 Summon Guardian Golem    Hex/Summ       Unusable   N/A       N/A         3
 Spellforged Servitor     Conj/Summ      Unusable   N/A       N/A         7

Dungeon Overview and Level Annotations

Branches:
Dungeon (9/15)             Temple (1/1) D:5            Lair (6/6) D:9
  Swamp (0/4) Lair:3          Orc (1/2) D:9
  Snake: Lair:2-4    Spider: Lair:2-4     Slime: Lair:5-6

Altars:
Ashenzari
Cheibriados
Elyvilon
Kikubaaqudgha
Nemelex Xobeh
Okawaru
Trog
Uskayaw
Zin


Innate Abilities, Weirdness & Mutations

You passively map the area around you.
You are easily found by Zot.
You glow in the dark.
You regain HP and MP as you explore.


Message History

You block the orc warrior's attack. x2; You block the orc warlord's attack.
You hit the orc warlord but do no damage.
The orc warlord is lightly wounded.
You hit the orc wizard. You slice the orc warrior!! You hit something.
You hit the orc warrior. You block the orc warrior's attack.
You block the orc wizard's attack.
The orc warrior hits you with a +2 glaive of protection!!
Something hits you but does no damage.
The orc warlord hits you with a +3 battleaxe of electrocution!
* * * LOW HITPOINT WARNING * * *
Unknown command.
You slice the orc warrior!!
You kill the orc warrior!
Okawaru accepts your kill.
You hit something.
You hit the orc warrior but do no damage.
You closely miss the orc warlord. You hit the orc wizard.
Unknown command.
You hit the orc warlord.
The orc warlord is lightly wounded.
You barely miss the orc warrior. You hit something. You slash the orc wizard!
You kill the orc wizard!
Okawaru accepts your kill. You block the orc warrior's attack.
You block the orc warlord's attack.
You hit the orc warlord.
The orc warlord is lightly wounded.
You slash the orc warrior! You slash something! Okawaru accepts your kill.
Reactivating autopickup.
You feel a bit more experienced.
You barely miss the orc warlord.
The orc warlord is lightly wounded.
You hit the orc warrior but do no damage.
You slash the orc warlord!
The orc warlord is moderately wounded.
You hit the orc warrior. The orc warrior closely misses you.
The orc warlord hits you with a +3 battleaxe of electrocution!!
* * * LOW HITPOINT WARNING * * *
You are electrocuted!
You die...

* * ## **.# * ,
#.## ..
**.#.$..###.#####
* ...........#..##
* ....#.....#....#
* ........$......#
,.......#.......#
* ,..#..o@).....#
.......o).....##
,,.$.....).).....#
*
*,..............##
* .............##
, , .........<...#
* , ,
.............# , ,
..........#.## , ,
#........###


You could see an orc warlord and an orc warrior (strong).

Vanquished Creatures
  A fire dragon (Lair:6)
  4 hydras
  A two-headed ogre (D:9)
  Nergalle (Lair:1)
  Pikel (D:6)
  A swamp dragon (Lair:6)
  An orc sorcerer (Orc:1)
  14 elephants
  11 cane toads
  4 black mambas
  A torpor snail (Lair:6)
  2 rime drakes
  7 komodo dragons
  2 polar bears
  A burning bush (Lair:1)
  Grinder (D:3)
  5 blink frogs (Lair:6)
  Sigmund (D:2)
  4 wyverns
  16 yaks
  2 basilisks
  2 vampire mosquitoes (D:7)
  3 steam dragons
  2 acid dragons (Lair:6)
  2 wargs (Orc:1)
  16 water moccasins
  6 orc warriors
  A sky beast (D:8)
  4 ice beasts
  3 swamp drakes (Lair:6)
  4 black bears
  11 wolves
  2 ogres
  A centaur (D:9)
  A lemure (D:6)
  6 kobold brigands
  9 bullfrogs
  2 necrophages (D:7)
  4 scorpions
  5 wights (D:8)
  An electric eel (Lair:1)
  4 howler monkeys
  A hound (D:6)
  3 jellies
  7 orc priests
  Jessica (D:3)
  8 iguanas
  8 orc wizards
  Ijyb (D:3)
  4 gnolls (D:4)
  12 adders
  An ufetubus (D:7)
  A worm (D:2)
  35 orcs
  9 ball pythons
  3 endoplasms
  A giant cockroach (D:4)
  3 hobgoblins
  36 kobolds
  5 frilled lizards (D:1)
  7 goblins
  2 rats (D:1)
318 creatures vanquished.

Vanquished Creatures (others)
  10 fungi
  20 plants
30 creatures vanquished.

Grand Total: 348 creatures vanquished

Notes
Turn   | Place    | Note
-------+----------+-------------------------------------------
     0 | D:1      | Banquo the Meteoran Fighter began the quest for the Orb.
     0 | D:1      | Reached XP level 1. HP: 19/19 MP: 2/2
   191 | D:1      | Reached XP level 2. HP: 26/26 MP: 3/3
   484 | D:1      | Glimpsed the power of Zot.
   515 | D:2      | Noticed Sigmund
   538 | D:2      | Killed Sigmund
   539 | D:2      | Reached skill level 4 in Axes
   539 | D:2      | Reached XP level 3. HP: 10/33 MP: 4/4
   539 | D:2      | Reached XP level 4. HP: 12/40 MP: 5/5
   539 | D:2      | Reached XP level 5. HP: 14/46 MP: 6/6
   539 | D:2      | Reached XP level 6. HP: 16/52 MP: 7/7
  1071 | D:2      | Glimpsed the power of Zot.
  1108 | D:3      | Noticed Jessica
  1120 | D:3      | Killed Jessica
  1121 | D:3      | Reached skill level 5 in Axes
  1121 | D:3      | Reached skill level 5 in Armour
  1203 | D:3      | Noticed Grinder
  1209 | D:3      | Killed Grinder
  1210 | D:3      | Reached skill level 6 in Axes
  1210 | D:3      | Reached skill level 1 in Dodging
  1210 | D:3      | Reached XP level 7. HP: 42/59 MP: 8/8
  1317 | D:3      | Noticed Ijyb
  1326 | D:3      | Killed Ijyb
  1564 | D:3      | Reached skill level 7 in Axes
  1655 | D:3      | Glimpsed the power of Zot.
  1702 | D:3      | Glimpsed the power of Zot.
  1742 | D:3      | Glimpsed the power of Zot.
  1752 | D:4      | Reached XP level 8. HP: 41/67 MP: 9/9
  1907 | D:4      | Reached skill level 8 in Axes
  2173 | D:5      | Entered Level 5 of the Dungeon
  2320 | D:5      | Found a staircase to the Ecumenical Temple.
  2340 | Temple   | Entered the Ecumenical Temple
  2350 | Temple   | Became a worshipper of Warmaster Okawaru
  2393 | D:5      | Reached skill level 9 in Axes
  2410 | D:5      | Reached skill level 5 in Fighting
  2550 | D:6      | Noticed Pikel
  2596 | D:6      | Gained mutation: You passively map the area around you.
                  | [Meteoran growth]
  2596 | D:6      | Reached XP level 9. HP: 74/74 MP: 10/10
  2622 | D:6      | Reached skill level 1 in Invocations
  2688 | D:6      | Reached skill level 10 in Axes
  2691 | D:6      | Killed Pikel
  2691 | D:6      | Reached * piety under Okawaru
  2692 | D:6      | Reached skill level 5 in Shields
  2744 | D:6      | Found a glowing silver altar of Zin.
  2862 | D:6      | Reached skill level 11 in Axes
  2878 | D:6      | Reached ** piety under Okawaru
  2931 | D:6      | Reached XP level 10. HP: 81/81 MP: 13/13
  2969 | D:6      | Found an ancient bone altar of Kikubaaqudgha.
  3087 | D:7      | Found a white marble altar of Elyvilon.
  3555 | D:7      | Reached skill level 12 in Axes
  3959 | D:8      | Reached skill level 5 in Invocations
  3985 | D:8      | Reached *** piety under Okawaru
  4063 | D:8      | Reached skill level 13 in Axes
  4272 | D:8      | Found a hide-covered altar of Uskayaw.
  4302 | D:8      | Found a broken altar of Ashenzari.
  4380 | D:9      | Noticed a two-headed ogre
  4391 | D:9      | Killed a two-headed ogre
  4391 | D:9      | Reached **** piety under Okawaru
  4392 | D:9      | Reached XP level 11. HP: 44/89 MP: 14/16
  4552 | D:9      | Found a staircase to the Orcish Mines.
  4799 | D:9      | Reached skill level 14 in Axes
  4810 | D:9      | Found a staircase to the Lair.
  4815 | D:9      | Received a gift from Okawaru
  4844 | D:9      | Found a bloodstained altar of Trog.
  4891 | Lair:1   | Entered Level 1 of the Lair of Beasts
  4905 | Lair:1   | Reached skill level 15 in Axes
  5090 | Lair:1   | Reached ***** piety under Okawaru
  5254 | Lair:2   | Reached XP level 12. HP: 100/100 MP: 18/18
  5555 | Lair:3   | Reached skill level 16 in Axes
  5559 | Lair:3   | Identified the +7 hand axe of Voduf {vorpal, Str+2}
                  | (Okawaru gifted it to you on level 3 of the Lair of Beasts)
  5559 | Lair:3   | Received a gift from Okawaru
  5727 | Lair:3   | Noticed a six-headed hydra
  5754 | Lair:3   | Killed a six-headed hydra
  5767 | Lair:3   | Found a staircase to the Swamp.
  6105 | Lair:4   | Identified the +1 pair of gloves "Ryah" {Fly Str-4 Int+2
                  | Slay+3} (Okawaru gifted it to you on level 4 of the Lair of
                  | Beasts)
  6105 | Lair:4   | Received a gift from Okawaru
  6106 | Lair:4   | Reached XP level 13. HP: 86/108 MP: 20/20
  6295 | Lair:4   | Reached skill level 5 in Dodging
  6322 | Lair:4   | Reached skill level 17 in Axes
  6507 | Lair:5   | Reached ****** piety under Okawaru
  6551 | Lair:6   | Entered Level 6 of the Lair of Beasts
  6564 | Lair:6   | Noticed a four-headed hydra
  6629 | Lair:6   | Noticed a four-headed hydra
  6645 | Lair:6   | Killed a four-headed hydra
  6731 | Lair:6   | Killed a four-headed hydra
  6815 | Lair:6   | Found a hide-covered altar of Uskayaw.
  6852 | Lair:6   | Noticed a five-headed hydra
  6866 | Lair:6   | Killed a five-headed hydra
  6958 | Lair:6   | Reached skill level 10 in Shields
  7104 | Lair:6   | Identified the +0 hat "Eciutaps" {Int+4} (Okawaru gifted it
                  | to you on level 6 of the Lair of Beasts)
  7104 | Lair:6   | Received a gift from Okawaru
  7115 | Lair:6   | Reached skill level 10 in Fighting
  7171 | Lair:6   | Noticed a fire dragon
  7182 | Lair:6   | Reached XP level 14. HP: 62/121 MP: 15/22
  7187 | Lair:6   | Killed a fire dragon
  7188 | Lair:6   | Reached skill level 10 in Invocations
  7462 | Lair:1   | Noticed Nergalle
  7476 | Lair:1   | Killed Nergalle
  7605 | Orc:1    | Entered Level 1 of the Orcish Mines
  7609 | Orc:1    | Noticed an orc warlord
  7622 | Orc:1    | Reached skill level 1 in Throwing
  7636 | Orc:1    | HP: 4/121 [orc warlord/+3 battleaxe of electrocution (24)]
  7636 | Orc:1    | Mangled by an orc warlord

Illustrated notes

Levels and vault maps discovered:
D:1:      eino_arrival_druids_welcome, layout_loops_ring,
          chequers_ecumenical_altar_simple
D:2:      layout_basic, uniq_sigmund
D:3:      layout_basic, grunt_temple_overflow_champion_of_chaos,
          minmay_snake_closets, uniq_jessica, uniq_grinder,
          uniq_crazy_yiuf_cottage, uniq_ijyb
D:4:      layout_basic
D:5:      layout_loops_cross, temple_green
D:6:      layout_rooms, mainiacjoe_overflow_chevrons, lemuel_doored_altar,
          tgw_kikubaaqudgha, uniq_pikel
D:7:      nicolae_cairo_tiling_large, layout_basic,
          mainiacjoe_overflow_brackets, nicolae_overflow_hidden_temple,
          nicolae_dithmenos_through_a_glass_darkly
D:8:      layout_basic, amcnicky_altar_gilded,
          mainiacjoe_overflow_surrounded_room
D:9:      layout_loops_ring, kennysheep_mini,
          mainiacjoe_overflow_six_doors_small, david_lair_generic, david_orc_3
Temple:   dpeg_three_leaves_temple
Lair:1:   layout_loops_ring, evilmike_ambush [evilmike_ambush_outer_basic,
          evilmike_ambush_inner_pond], serial_bayou_shore_a,
          infiniplex_staircase_pool, uniq_nergalle
Lair:2:   layout_small_grid, minivault_24, chequers_serial_rivers_room_a,
          serial_bayou_shore_b, uniq_urug
Lair:3:   layout_hall_layers, minmay_swamp_entry_reptiles, grunt_megastairs_3
Lair:4:   minmay_lair_oklob_tunnel, layout_long_grid,
          guppyfry_snake_entry_garden, beast_lair_carwin_9, lemuel_fruit_tree,
          grunt_megastairs_5
Lair:5:   layout_regular_city, slime_dummy, serial_bayou_shore_b
Lair:6:   guppyfry_lair_end_dragon, layout_regular_city, basic_altar
Orc:1:    layout_caves, serial_shops, nicolae_shop_bloodbath_and_beyond

Skill      XL: |  1  2  3  4  5  6  7  8  9 10 11 12 13 14 |
---------------+-------------------------------------------+-----
Fighting       | 4 5 6 7 8 10 | 10.3
Axes           | 4 6 7 9 11 13 15 16 17 | 17.6
Armour         | 4 5 6 7 8 9 |  9.7
Shields        | 4 5 6 7 8 10 | 10.7
Dodging        | 1 2 3 4 6 |  6.4
Invocations    | 3 5 7 8 9 10 | 10.1
Throwing       | 1 |  1.1

Action                   |  1- 3 |  4- 6 |  7- 9 | 10-12 | 13-15 || total
-------------------------+-------+-------+-------+-------+-------++-------
Melee: War axe           |    55 |    40 |   285 |   485 |   242 ||  1107
       Whip              |       |       |       |    15 |    28 ||    43
Invok: Heroism           |       |       |       |    13 |     9 ||    22
       Finesse           |       |       |       |     2 |     3 ||     5
  Use: Potion            |       |       |     2 |       |       ||     2
       Scroll            |       |       |       |    22 |     2 ||    24
Armor: Scale mail        |    25 |    12 |   120 |   179 |    62 ||   398
Dodge: Dodged            |    27 |    13 |    87 |   153 |    55 ||   335
Block: Buckler           |    10 |     6 |   104 |   236 |     6 ||   362
       Reflection        |       |       |     5 |     6 |     3 ||    14
       Kite shield       |       |       |       |       |   204 ||   204

Table legend: (Time is in decaauts)
 A = Elapsed time spent in this place.
 B = Non-inter-level travel time spent in this place.
 C = Inter-level travel time spent in this place.
 D = Time resting spent in this place.
 E = Time spent auto-exploring this place.
 F = Levels seen in this place.
 G = Mean time per level.
                   A        B        C        D        E       F      G
               +--------+--------+--------+--------+--------+-----+--------+
         Total |   7489 |   6641 |    848 |      0 |   2716 |  17 |  440.5 |
       Dungeon |   4937 |   4504 |    433 |      0 |   2413 |   9 |  548.6 |
        Temple |     20 |     11 |      9 |      0 |      0 |   1 |   20.0 |
          Lair |   2514 |   2108 |    406 |      0 |    303 |   6 |  419.0 |
  Orcish Mines |     16 |     16 |      0 |      0 |      0 |   1 |   16.0 |
               +--------+--------+--------+--------+--------+-----+--------+

Top non-repeatable levels by time:
  Lair:6: 681 daAuts
     D:3: 673 daAuts
     D:7: 644 daAuts
     D:8: 641 daAuts
     D:2: 590 daAuts
     D:9: 555 daAuts
     D:1: 528 daAuts
     D:6: 477 daAuts
     D:4: 437 daAuts
  Lair:4: 432 daAuts
  Lair:3: 423 daAuts
     D:5: 387 daAuts
  Lair:1: 384 daAuts
  Lair:5: 304 daAuts
  Lair:2: 289 daAuts
